 Dungeon Crawl Stone Soup version 0.30-a0-1043-g60ff8d5f49 (webtiles) character file.

Game seed: 5153165991630434099

5 Lobster4 the Grave Robber (level 1, 0/15 HPs)
             Began as a Hill Orc Necromancer on Apr 10, 2023.
             Slain by a quokka (4 damage)
             ... on level 1 of the Dungeon.
             The game lasted 00:01:10 (79 turns).

Lobster4 the Grave Robber (Hill Orc Necromancer)      Turns: 79, Time: 00:01:10

Health: 0/15       AC:  2    Str: 10    XL:     1   Next: 80%
Magic:  2/12       EV: 12    Int: 15    God:
Gold:   0          SH:  0    Dex: 11    Spells: 2/3 levels left

rFire   . . .      SeeInvis .    (no weapon)
rCold   . . .      Faith    .    (no shield)
rNeg    . . .      Spirit   .    a - +0 robe
rPois   .          Reflect  .    (no helmet)
rElec   .          Rampage  .    (no cloak)
rCorr   .                        (no gloves)
Will    .....                    (no boots)
Stlth   ++                       (no amulet)
HPRegen 0.22/turn                e - ring of magical power
MPRegen 0.13/turn                (no ring)

@: no status effects
A: no striking features
a: no special abilities


You were on level 1 of the Dungeon.
You visited 1 branch of the dungeon, and saw 1 of its levels.

Inventory:

Missiles
 c - 3 silver javelins
Armour
 a - a +0 robe (worn)
Jewellery
 e - a ring of magical power (left hand)
Potions
 b - a potion of magic
 d - a potion of curing {unknown}


   Skills:
 + Level 0.4 Fighting
 + Level 0.3 Armour
 + Level 1.6 Dodging
 - Level 1.5 Stealth
 + Level 1.6 Spellcasting
 + Level 4.0 Necromancy


You had 2 spell levels left.
You knew the following spells:

 Your Spells              Type           Power      Damage    Failure   Level
a - Necrotise             Necr           52%        1d6       4%          1

Your spell library contained the following spells:

 Spells                   Type           Power      Damage    Failure   Level
 Vampiric Draining        Necr           13%        2d6       13%         3
 Animate Dead             Necr           13%        N/A       41%         4
 Agony                    Necr           13%        N/A       77%         5


Dungeon Overview and Level Annotations

Branches:
Dungeon (1/15)

Altars:


Message History

You swap places.
The bat hits your hobgoblin skeleton. x3
The bat hits your hobgoblin skeleton. x2
Your hobgoblin skeleton misses the bat.
The bat hits your hobgoblin skeleton. The bat hits your hobgoblin skeleton.
Your hobgoblin skeleton is destroyed!
You miss the bat. The bat closely misses you. The bat barely misses you.
You hit the bat.
The bat is moderately wounded.
The bat barely misses you. The bat closely misses you.
You hit the bat.
You kill the bat!
You hit the ball python.
You kill the ball python!
You hit the hobgoblin but do no damage. The hobgoblin hits you.
Casting: Necrotise (safe; 4% risk of failure)
Confirm with . or Enter, or press ? or * to list all spells.
Aiming: Necrotise (safe; 4% risk of failure)
Press: ? - help, Shift-Dir - straight line, f - hobgoblin
Aim: a hobgoblin (chance to affect: 83%)
The hobgoblin writhes in agony.
You kill the hobgoblin!
The dead are walking!
The quokka barely misses you.
You miss the quokka. The quokka misses you.
You hit the quokka.
The quokka is lightly wounded.
The quokka closely misses you.
You closely miss the quokka.
The quokka is lightly wounded.
The quokka closely misses you.
Your hobgoblin skeleton misses the quokka.
You closely miss the quokka.
The quokka is lightly wounded.
The quokka bites you.
* * * LOW HITPOINT WARNING * * *
Your hobgoblin skeleton hits the quokka.
The quokka bites your hobgoblin skeleton.
You miss the quokka.
The quokka is almost dead.
The quokka bites you.
You die...

#.###.g...#
#..r###### ##.##
#g# #S# #b# #.#
############.#
#...@rZ......#
........#########
...####.# # #.#
#.. #.# #.# ..#


You could see a quokka (ally target) and a friendly hobgoblin skeleton.

Vanquished Creatures
  A giant cockroach (D:1)
  2 hobgoblins (D:1)
  A ball python (D:1)
  A bat (D:1)
5 creatures vanquished.

Notes
Turn   | Place    | Note
-------+----------+-------------------------------------------
     0 | D:1      | Lobster4 the Hill Orc Necromancer began the quest for the
                  | Orb.
     0 | D:1      | Reached XP level 1. HP: 14/14 MP: 3/3
    79 | D:1      | Slain by a quokka

Illustrated notes

Levels and vault maps discovered:
D:1:      nicolae_arrival_washed_ashore, layout_loops_ring

Action                     || total
---------------------------++-------
  Melee: Unarmed           ||    12
   Cast: Necrotise         ||     6
 Armour: Robe              ||     5
  Dodge: Dodged            ||    28

Table legend: (Time is in decaauts)
 A = Elapsed time spent in this place.
 B = Non-inter-level travel time spent in this place.
 C = Inter-level travel time spent in this place.
 D = Time resting spent in this place.
 E = Time spent auto-exploring this place.
 F = Levels seen in this place.
 G = Mean time per level.
                   A        B        C        D        E       F      G
               +--------+--------+--------+--------+--------+-----+--------+
         Total |     78 |     78 |      0 |      0 |     11 |   1 |   78.0 |
       Dungeon |     78 |     78 |      0 |      0 |     11 |   1 |   78.0 |
               +--------+--------+--------+--------+--------+-----+--------+

Top non-repeatable levels by time:
     D:1: 78 daAuts
